TOP OF THE 1ST |
University of Georgia Bulldogs batting - Pitching for California State University at Fullerton Titans : RHP Nelson Araujo
|
Pitching: RHP Nelson Araujo
|
|
Batting: LHB Luis Mejia
|
0-0: Ball 1-0: Foul Ball, location: 2F 1-1: Swinging Strike 1-2: Ball 2-2: Ball 3-2: Strikes out swinging
|
Batting: LHB Dennis Klein
|
0-0: Foul Ball, location: 2F 0-1: Ball 1-1: Called Strike 1-2: Ground out 1-3 (Groundball, 13, EV 71.2 MPH)
|
Batting: RHB Charlie Davison
|
0-0: Called Strike 0-1: Ball 1-1: Swinging Strike 1-2: Fly out, F7 (Flyball, 7D, EV 99.4 MPH)
|
Top of the 1st over - 0 runs, 0 hits, 0 errors, 0 left on base; University of Georgia 0 - California State University at Fullerton 0 |
BOTTOM OF THE 1ST |
California State University at Fullerton Titans batting - Pitching for University of Georgia Bulldogs : LHP Allan Bodkin
|
Pitching: LHP Allan Bodkin
|
|
Batting: RHB Tai fat Louis
|
0-0: Fly out, F8 (Flyball, 8RM, EV 89.4 MPH)
|
Batting: RHB Zach Warwick
|
0-0: Bunt missed! 0-1: Fly out, F8 (Flyball, 8RD, EV 98.8 MPH)
|
Batting: LHB Jim Snell
|
0-0: Fly out, F9 (Flyball, 9, EV 83.1 MPH)
|
Bottom of the 1st over - 0 runs, 0 hits, 0 errors, 0 left on base; University of Georgia 0 - California State University at Fullerton 0 |
TOP OF THE 2ND |
University of Georgia Bulldogs batting - Pitching for California State University at Fullerton Titans : RHP Nelson Araujo
|
Batting: RHB Murilo Cunha
|
0-0: Ball 1-0: Ball 2-0: Called Strike 2-1: Swinging Strike 2-2: Fly out, F8 (Flyball, 89XD, EV 98.1 MPH)
|
Batting: RHB Rodolfo Solis
|
0-0: Fly out, F9 (Line Drive, 89D, EV 98.1 MPH)
|
Batting: LHB Sloan Rayner
|
0-0: Called Strike 0-1: Foul Ball, location: 2F 0-2: Ball 1-2: Strikes out looking
|
Top of the 2nd over - 0 runs, 0 hits, 0 errors, 0 left on base; University of Georgia 0 - California State University at Fullerton 0 |
BOTTOM OF THE 2ND |
California State University at Fullerton Titans batting - Pitching for University of Georgia Bulldogs : LHP Allan Bodkin
|
Batting: SHB Jonathan Jacob
|
0-0: Foul Ball, location: 2F 0-1: Ground out 4-3 (Groundball, 4, EV 105.0 MPH)
|
Batting: RHB Simon Sultzbach
|
0-0: Fly out, F7 (Line Drive, 7, EV 92.5 MPH)
|
Batting: SHB Jason Pugh
|
0-0: Ball 1-0: Ground out 6-3 (Groundball, 6D, EV 80.6 MPH)
|
Bottom of the 2nd over - 0 runs, 0 hits, 0 errors, 0 left on base; University of Georgia 0 - California State University at Fullerton 0 |
TOP OF THE 3RD |
University of Georgia Bulldogs batting - Pitching for California State University at Fullerton Titans : RHP Nelson Araujo
|
Batting: RHB James Warby
|
0-0: Called Strike 0-1: Ball 1-1: Called Strike 1-2: Strikes out swinging
|
Batting: LHB Cole Sanchez
|
0-0: Ball 1-0: Foul Ball, location: 2F 1-1: Called Strike 1-2: Fly out, F9 (Flyball, 9D, EV 99.4 MPH)
|
Batting: RHB Justin Szymczyk
|
0-0: Ball 1-0: Called Strike 1-1: Ball 2-1: Fly out, F9 (Flyball, 9LD, EV 105.0 MPH)
|
Top of the 3rd over - 0 runs, 0 hits, 0 errors, 0 left on base; University of Georgia 0 - California State University at Fullerton 0 |
BOTTOM OF THE 3RD |
California State University at Fullerton Titans batting - Pitching for University of Georgia Bulldogs : LHP Allan Bodkin
|
Batting: LHB Efrain Gonzalez
|
0-0: Ball 1-0: Swinging Strike 1-1: Called Strike 1-2: Strikes out swinging
|
Batting: LHB Mike Fernandez
|
0-0: Ground out 1-3 (Groundball, 13S, EV 75.0 MPH)
|
Batting: RHB Sergio Cervantes
|
0-0: Called Strike 0-1: Ball 1-1: Reached on error, E9 (Flyball, 9, EV 86.2 MPH)
|
Batting: RHB Tai fat Louis
|
0-0: Called Strike 0-1: Ball 1-1: Ball 2-1: Ball 3-1: Called Strike 3-2: Fly out, F4 (Popup, 4M, EV 65.0 MPH)
|
Bottom of the 3rd over - 0 runs, 0 hits, 1 error, 1 left on base; University of Georgia 0 - California State University at Fullerton 0 |
TOP OF THE 4TH |
University of Georgia Bulldogs batting - Pitching for California State University at Fullerton Titans : RHP Nelson Araujo
|
Batting: LHB Luis Mejia
|
0-0: Ball 1-0: Ball 2-0: Ball 3-0: Base on Balls
|
Batting: LHB Dennis Klein
|
0-0: Called Strike 0-1: Called Strike 0-2: Foul Ball, location: 2F 0-2: Fielders Choice at 2nd, 5-4 (Groundball, 5, EV 91.2 MPH)
|
Batting: RHB Charlie Davison
|
0-0: Ball 1-0: Ball 2-0: Ball 3-0: Called Strike 3-1: Foul Ball, location: 2F 3-2: Base on Balls Dennis Klein to second
|
Batting: RHB Murilo Cunha
|
0-0: Ball 1-0: Fly out, F8 (Line Drive, 8RM, EV 105.0 MPH)
|
Batting: RHB Rodolfo Solis
|
0-0: Ball 1-0: Fielders Choice at 2nd, 6-4 (Groundball, 6, EV 98.1 MPH)
|
Top of the 4th over - 0 runs, 0 hits, 0 errors, 2 left on base; University of Georgia 0 - California State University at Fullerton 0 |
BOTTOM OF THE 4TH |
California State University at Fullerton Titans batting - Pitching for University of Georgia Bulldogs : LHP Allan Bodkin
|
Batting: RHB Zach Warwick
|
0-0: SINGLE (Groundball, 34D, EV 107.5 MPH)
|
Batting: LHB Jim Snell
|
0-0: Ball Zach Warwick is caught stealing 2nd base 2-6 1-0: Swinging Strike 1-1: Swinging Strike 1-2: Strikes out swinging
|
Batting: SHB Jonathan Jacob
|
0-0: Called Strike 0-1: Fly out, F8 (Flyball, 8LM, EV 95.0 MPH)
|
Bottom of the 4th over - 0 runs, 1 hit, 0 errors, 0 left on base; University of Georgia 0 - California State University at Fullerton 0 |
TOP OF THE 5TH |
University of Georgia Bulldogs batting - Pitching for California State University at Fullerton Titans : RHP Nelson Araujo
|
Pitching: RHP Jaime Zapata
|
|
Now at 1B: Hassan Thomas
|
|
Now at 2B: Felipe Lara
|
|
Now in CF: Alex Freyre
|
|
Batting: LHB Sloan Rayner
|
0-0: Foul Ball, location: 2F 0-1: Ball 1-1: Swinging Strike 1-2: Ball 2-2: Ball 3-2: Base on Balls
|
Batting: RHB James Warby
|
0-0: Ball 1-0: Called Strike 1-1: Foul Ball, location: 2F 1-2: Ball Wild Pitch! Sloan Rayner to second 2-2: Ball 3-2: Strikes out swinging
|
Batting: LHB Cole Sanchez
|
0-0: Called Strike 0-1: Reached on error, E1 (Groundball, 15S, EV 74.4 MPH) Sloan Rayner scores
|
Batting: RHB Justin Szymczyk
|
0-0: Ground out 5-3 (Groundball, 5S, EV 91.2 MPH)
|
Batting: LHB Luis Mejia
|
0-0: Called Strike 0-1: Foul Ball, location: 2F 0-2: Ball 1-2: Ball 2-2: Ball 3-2: Strikes out swinging
|
Top of the 5th over - 1 run, 0 hits, 1 error, 1 left on base; University of Georgia 1 - California State University at Fullerton 0 |
BOTTOM OF THE 5TH |
California State University at Fullerton Titans batting - Pitching for University of Georgia Bulldogs : LHP Allan Bodkin
|
Now at C: Hairama Seiuli
|
|
Now at 2B: Albert Rodriguez
|
|
Now in LF: Josh Cavaleri
|
|
Now in CF: Edwin Zavala
|
|
Now in RF: Dennis Klein
|
|
Batting: RHB Simon Sultzbach
|
0-0: Swinging Strike 0-1: Foul Ball, location: 2F 0-2: Ball 1-2: Strikes out swinging
|
Batting: SHB Jason Pugh
|
0-0: Called Strike 0-1: Swinging Strike 0-2: Ball 1-2: Foul Ball, location: 2F 1-2: Strikes out swinging
|
Batting: LHB Efrain Gonzalez
|
0-0: Called Strike 0-1: Called Strike 0-2: Ball 1-2: Strikes out swinging
|
Bottom of the 5th over - 0 runs, 0 hits, 0 errors, 0 left on base; University of Georgia 1 - California State University at Fullerton 0 |
TOP OF THE 6TH |
University of Georgia Bulldogs batting - Pitching for California State University at Fullerton Titans : RHP Jaime Zapata
|
Now in RF: Steve Lane
|
|
Pinch Hitting: LHB Bryan Ross
|
0-0: Swinging Strike 0-1: Swinging Strike 0-2: Ball 1-2: Foul Ball, location: 2F 1-2: Ball 2-2: Foul Ball, location: 2F 2-2: Foul Ball, location: 2F 2-2: Ball 3-2: DOUBLE (Groundball, 3L, EV 96.2 MPH)
|
Pitching: RHP John Case
|
|
Batting: RHB Albert Rodriguez
|
0-0: Ground out 4-3 (Groundball, 4, EV 97.5 MPH) Bryan Ross to third
|
Batting: LHB Edwin Zavala
|
0-0: Ground out 5-3 (Groundball, 56, EV 104.4 MPH)
|
Batting: SHB Hairama Seiuli
|
0-0: Ball Wild Pitch! Bryan Ross scores 1-0: Ball 2-0: Ball 3-0: Called Strike 3-1: SOLO HOME RUN (Flyball, 9LD, EV 96.9 MPH), Distance : 343 ft
|
Pinch Hitting: LHB Milton Yeo
|
0-0: Ball 1-0: Foul Ball, location: 2F 1-1: Ground out 5-3 (Groundball, 56S, EV 86.9 MPH)
|
Top of the 6th over - 2 runs, 2 hits, 0 errors, 0 left on base; University of Georgia 3 - California State University at Fullerton 0 |
BOTTOM OF THE 6TH |
California State University at Fullerton Titans batting - Pitching for University of Georgia Bulldogs : LHP Allan Bodkin
|
Now at 1B: Casey Bass
|
|
Now in RF: Ed Howard
|
|
Batting: LHB Mike Fernandez
|
0-0: Foul Ball, location: 2F 0-1: Foul Ball, location: 2F 0-2: DOUBLE (Line Drive, 7LM, EV 99.4 MPH)
|
Batting: RHB Sergio Cervantes
|
0-0: Ball 1-0: Called Strike 1-1: Ball 2-1: Ball 3-1: Base on Balls
|
Batting: LHB John Blumberg
|
0-0: Called Strike 0-1: Grounds into double play, 3-6-3 (Groundball, 34, EV 75.6 MPH) Mike Fernandez to third
|
Batting: RHB Alex Freyre
|
0-0: SINGLE (Groundball, 4D, EV 94.4 MPH) Mike Fernandez scores
|
Batting: RHB Felipe Lara
|
0-0: Swinging Strike 0-1: Ball 1-1: Fly out, F7 (Flyball, 78M, EV 88.1 MPH)
|
Bottom of the 6th over - 1 run, 2 hits, 0 errors, 1 left on base; University of Georgia 3 - California State University at Fullerton 1 |
TOP OF THE 7TH |
University of Georgia Bulldogs batting - Pitching for California State University at Fullerton Titans : RHP John Case
|
Now at C: Jim Cahan
|
|
Now at SS: Jeremy Evans
|
|
Now in LF: Jeremy May
|
|
Pinch Hitting: RHB Jeff Wornick
|
0-0: Ball 1-0: Called Strike 1-1: Swinging Strike 1-2: Ball 2-2: Strikes out swinging
|
Batting: RHB Pat Svenson
|
0-0: Ball 1-0: Ground out 5-3 (Groundball, 56, EV 86.9 MPH)
|
Batting: RHB Josh Cavaleri
|
0-0: Ground out 1-3 (Groundball, 15, EV 63.8 MPH)
|
Top of the 7th over - 0 runs, 0 hits, 0 errors, 0 left on base; University of Georgia 3 - California State University at Fullerton 1 |
BOTTOM OF THE 7TH |
California State University at Fullerton Titans batting - Pitching for University of Georgia Bulldogs : LHP Allan Bodkin
|
Pitching: LHP Andres Caceres
|
|
Now at SS: Jeff Wornick
|
|
Batting: RHB Hassan Thomas
|
0-0: Ball 1-0: Ball 2-0: Ball 3-0: Called Strike 3-1: Base on Balls
|
Pinch Hitting: LHB B.J. Ferguson
|
0-0: Grounds into double play, 5-4-3 (Groundball, 5, EV 83.8 MPH)
|
Pinch Hitting: RHB Alex Rivas
|
0-0: Ball 1-0: Called Strike 1-1: Swinging Strike 1-2: Strikes out swinging
|
Bottom of the 7th over - 0 runs, 0 hits, 0 errors, 0 left on base; University of Georgia 3 - California State University at Fullerton 1 |
TOP OF THE 8TH |
University of Georgia Bulldogs batting - Pitching for California State University at Fullerton Titans : RHP John Case
|
Pitching: RHP Mick Chesney
|
|
Now at SS: Alberto Aguilar
|
|
Now in LF: B.J. Ferguson
|
|
Now in RF: Jeremy May
|
|
Pinch Hitting: RHB Nate McCormick
|
0-0: Ball 1-0: Ball 2-0: Called Strike 2-1: Called Strike 2-2: Strikes out swinging
|
Batting: RHB Ed Howard
|
0-0: Ball 1-0: Ball 2-0: Called Strike 2-1: Foul Ball, location: 2F 2-2: Ground out 4-3 (Groundball, 4, EV 82.5 MPH)
|
Batting: RHB Albert Rodriguez
|
0-0: Called Strike 0-1: Foul Ball, location: 2F 0-2: Foul Ball, location: 2F 0-2: Ball 1-2: Ball 2-2: Strikes out looking
|
Top of the 8th over - 0 runs, 0 hits, 0 errors, 0 left on base; University of Georgia 3 - California State University at Fullerton 1 |
BOTTOM OF THE 8TH |
California State University at Fullerton Titans batting - Pitching for University of Georgia Bulldogs : LHP Andres Caceres
|
Pitching: LHP Bill McIntyre
|
|
Now at 3B: Salvatore Jaime
|
|
Pinch Hitting: RHB Joe McKinzie
|
0-0: Ball 1-0: Called Strike 1-1: Ground out 4-3 (Groundball, 4, EV 87.5 MPH)
|
Pinch Hitting: RHB Matt Martin
|
0-0: Ball 1-0: Swinging Strike 1-1: SINGLE (Groundball, 6MD, EV 95.6 MPH)
|
Batting: RHB Jim Cahan
|
0-0: Called Strike 0-1: Swinging Strike 0-2: Grounds into double play, 6-4-3 (Groundball, 6, EV 87.5 MPH)
|
Bottom of the 8th over - 0 runs, 1 hit, 0 errors, 0 left on base; University of Georgia 3 - California State University at Fullerton 1 |
TOP OF THE 9TH |
University of Georgia Bulldogs batting - Pitching for California State University at Fullerton Titans : RHP Mick Chesney
|
Pitching: RHP Adhamhnan Muljana
|
|
Now at 3B: Matt Martin
|
|
Now in RF: Joe McKinzie
|
|
Batting: LHB Edwin Zavala
|
0-0: Fly out, F8 (Flyball, 8RD, EV 106.9 MPH)
|
Pinch Hitting: LHB Andy Dyer
|
0-0: Ball 1-0: Foul Ball, location: 2F 1-1: Foul Ball, location: 2F 1-2: Foul Ball, location: 2F 1-2: Ball 2-2: Ball 3-2: Base on Balls
|
Batting: LHB Casey Bass
|
0-0: Ball 1-0: SINGLE (Groundball, 34D, EV 103.8 MPH) Andy Dyer to second Runner from 2nd tries for 3rd, SAFE, throw by RF made to third
|
Batting: RHB Jeff Wornick
|
0-0: Called Strike 0-1: Ball 1-1: Called Strike 1-2: SINGLE (Line Drive, 89M, EV 91.9 MPH) Andy Dyer scores Casey Bass to second Runner from 2nd tries for 3rd, SAFE, throw by CF made to third
|
Batting: RHB Pat Svenson
|
0-0: Ball 1-0: Foul Ball, location: 2F 1-1: Called Strike Jeff Wornick is caught stealing 2nd base 2-4 1-2: Ball 2-2: Foul Ball, location: 2F 2-2: Foul Ball, location: 2F 2-2: Foul Ball, location: 2F 2-2: SINGLE (Groundball, 6MD, EV 94.4 MPH) Casey Bass scores
|
Pinch Hitting: RHB Javier Alcorta
|
0-0: Ball 1-0: Foul Ball, location: 2F 1-1: Ball 2-1: Swinging Strike 2-2: Ball 3-2: Strikes out swinging
|
Top of the 9th over - 2 runs, 3 hits, 0 errors, 1 left on base; University of Georgia 5 - California State University at Fullerton 1 |
BOTTOM OF THE 9TH |
California State University at Fullerton Titans batting - Pitching for University of Georgia Bulldogs : LHP Bill McIntyre
|
Pitching: RHP Tony Fox
|
|
Now at C: Javier Alcorta
|
|
Now in LF: Mike McElwee
|
|
Batting: LHB John Blumberg
|
0-0: Ball 1-0: Called Strike 1-1: Ball 2-1: SINGLE (Line Drive, 89S, EV 91.9 MPH)
|
Batting: RHB Alex Freyre
|
0-0: Ball 1-0: Foul Ball, location: 2F 1-1: Foul Ball, location: 2F 1-2: Ball 2-2: Ball 3-2: Strikes out looking
|
Pinch Hitting: LHB Mike Lauritsen
|
0-0: Ball 1-0: Ball 2-0: Ball 3-0: Called Strike 3-1: Base on Balls John Blumberg to second
|
Pinch Hitting: LHB Edwin Esparza
|
0-0: Ball 1-0: Ball 2-0: Ball 3-0: Called Strike 3-1: Foul Ball, location: 2F 3-2: Base on Balls John Blumberg to third Mike Lauritsen to second
|
Batting: LHB B.J. Ferguson
|
0-0: Called Strike 0-1: Ball 1-1: Ball 2-1: Ball 3-1: Base on Balls John Blumberg scores Mike Lauritsen to third Edwin Esparza to second
|
Batting: LHB Alberto Aguilar
|
0-0: Ball 1-0: Ball 2-0: Called Strike 2-1: Ball Wild Pitch! Mike Lauritsen scores Edwin Esparza to third B.J. Ferguson to second 3-1: Foul Ball, location: 2F 3-2: Foul Ball, location: 2F 3-2: Foul Ball, location: 2F 3-2: Base on Balls
|
Pitching: RHP Bi`nh Heng
|
|
Batting: RHB Joe McKinzie
|
0-0: Ball 1-0: Foul Ball, location: 2F 1-1: SINGLE (Groundball, 34D, EV 105.6 MPH) Edwin Esparza scores B.J. Ferguson to third Alberto Aguilar to second
|
Batting: RHB Matt Martin
|
0-0: Called Strike 0-1: Ball 1-1: Ball 2-1: Ball 3-1: Base on Balls B.J. Ferguson scores Alberto Aguilar to third Joe McKinzie to second
|
Pinch Hitting: SHB Eric Delikat
|
0-0: Ball 1-0: Ball 2-0: SINGLE (Groundball, 4MD, EV 100.0 MPH) Alberto Aguilar scores
|
Bottom of the 9th over - 5 runs, 3 hits, 0 errors, 2 left on base; University of Georgia 5 - California State University at Fullerton 6 |
|